 Dungeon Crawl Stone Soup version bcrawl-1.39.1 (webtiles) character file.

Game seed: 11688944148804156174

204974 Tinttamiau the Cudgeler (level 7, -3/59 HPs)
             Began as a Sand Dwarf Skald on Oct 3, 2023.
             Slain by a wight
             ... wielding a +4 flail
              (10 damage)
             ... on level 4 of the Dungeon.
             The game lasted 00:09:49 (4080 turns).

Tinttamiau the Cudgeler (Sand Dwarf Skald)          Turns: 4080, Time: 00:09:50

Health: -3/59      AC: 10    Str: 17    XL:     7   Next: 59%
Magic:  13/13      EV:  8    Int: 14    God:
Gold:   413        SH:  0    Dex: 12    Spells: 7/14 levels left

rFire    . . .     GDR:     24% a - +0 flail
rCold    . . .     SeeInvis .   (shield restricted)
rNeg     . . .     Gourm    .   c - +0 chain mail
rPois    .         Faith    .   j - +0 helmet
rElec    .         Spirit   .   (no cloak)
rCorr    .         Reflect  .   (no gloves)
MR       .....     Clarity  +   n - +0 pair of boots
Stlth    ..........             d - amulet of magic regeneration
HPRegen  0.19/turn              (no ring)
MPRegen  0.29/turn              (no ring)

@: heavily drained, slow
A: small, agile 1, clarity, slowness 1, armour attunement
a: no special abilities


You were on level 4 of the Dungeon.
You were hungry.

You visited 1 branch of the dungeon, and saw 5 of its levels.

You collected 413 gold pieces.

Inventory:

Hand Weapons
 a - a +0 flail (weapon)
Missiles
 r - 155 poisoned tomahawks (quivered)
Armour
 c - a +0 chain mail (worn)
 j - a +0 helmet (worn)
 n - a +0 pair of boots (worn)
Jewellery
 d - an amulet of magic regeneration (around neck)
 u - the cursed amulet of Viyjypag {Inacc rC- MR++, unknown}
   (You found it on level 4 of the Dungeon)

   [amulet of inaccuracy]

   It reduces the accuracy of all your attacks.
   It makes you vulnerable to cold.
   It affects your resistance to hostile enchantments.
   It has a curse placed upon it.
Wands
 o - a wand of paralysis (11)
Scrolls
 b - a scroll of revelation {unknown}
 f - a scroll of fear
 g - a scroll of amnesia {unknown}
 h - a scroll of immolation
 i - 2 scrolls of enchant weapon
 l - 2 scrolls of remove curse
 m - 2 scrolls of teleportation
 p - a scroll of fog {unknown}
Potions
 k - a potion of mutation
 s - a potion of berserk rage {unknown}
Comestibles
 e - 3 rations {!d}


   Skills:
 - Level 4.0(1.9) Fighting
 - Level 5.0(2.9) Maces & Flails
 - Level 2.0(0.0) Armour
 - Level 2.0(0.0) Dodging
 + Level 4.0(1.9) Spellcasting
 + Level 1.9(0.0) Hexes
 + Level 5.0(2.9) Charms
 + Level 2.2(0.3) Necromancy


You had 7 spell levels left.
You knew the following spells:

 Your Spells              Type           Power        Failure   Level  Hunger
a - Infusion              Chrm           #.......     8%          1    None
b - Regeneration          Chrm/Necr      #.........   36%         3    ####...
c - Spectral Weapon       Hex/Chrm       #.......     36%         3    ####...

Your spell library contained the following spells:

 Spells                   Type           Power        Failure   Level  Hunger
 Song of Slaying          Chrm           #.......     11%         2    ##.....
 Swiftness                Chrm/Air       #.......     21%         2    ##.....
 Ozocubu's Armour         Chrm/Ice       #.......     36%         3    ####...


Dungeon Overview and Level Annotations

Branches:
Dungeon (5/12)
 Temple: D:4-7

Altars:
Trog
Uskayaw


Innate Abilities, Weirdness & Mutations

You are small and have problems with some larger weapons.
You cover ground slowly.
Armour does not affect your spellcasting.
You are agile. (Dex +2)
You possess an exceptional clarity of mind.


Message History

You hit the wight but do no damage.
The wight is heavily damaged.
The wight hits you with a +4 flail.
You feel drained.
You hit the wight.
The wight is severely damaged.
The wight barely misses you.
You closely miss the wight.
The wight is severely damaged.
The wight hits you with a +4 flail.
* * * LOW HITPOINT WARNING * * *
You feel drained.
* * * LOW HITPOINT WARNING * * *
You hit the wight but do no damage.
The wight is severely damaged.
The wight hits you with a +4 flail!
* * * LOW HITPOINT WARNING * * *
Your chain mail prevents you from hitting the wight.
The wight is severely damaged.
The wight hits you with a +4 flail!
You die...

#.........####...#
#..........###..###
#......#....###...#
.......###...#..### .......#
#.......# ########
.......###..#....###.##...##
.......##...###..##........#
.##....#...###..###........#
..#.......####..@##.......##
..##........##.##z......>..#
.###..####...#........<...##
.# ##.####.....####......## ##
#..##.............>....#
####..#...........#.#.....###
...(.....##......####.......##
...........#.....# ##.......#
.###....#.##.....## #..##...##


You could see a wight.

Vanquished Creatures
  An ice beast (D:4)
  A scorpion (D:4)
  2 wights (D:4)
  2 howler monkeys
  An orc priest (D:3)
  2 bullfrog skeletons (D:4)
  An iguana (D:4)
  Terence (D:2)
  A worker ant (D:4)
  6 adders
  2 shadow imps
  2 oozes (D:3)
  An adder zombie (D:3)
  3 worms
  3 dart slugs
  9 leopard geckos
  6 orcs
  9 bats
  4 giant cockroaches
  5 goblins
  9 hobgoblins
  4 jackals (D:1)
  13 kobolds
  5 quokkas
  3 frilled lizards
  3 rats
99 creatures vanquished.

Notes
Turn   | Place    | Note
-------+----------+-------------------------------------------
     0 | D:1      | Tinttamiau the Sand Dwarf Skald began the quest for the
                  | Orb.
     0 | D:1      | Reached XP level 1. HP: 18/18 MP: 3/3
    93 | D:1      | Reached XP level 2. HP: 18/25 MP: 5/5
   451 | D:1      | Reached XP level 3. HP: 30/30 MP: 3/6
   518 | D:1      | Learned a level 3 spell: Regeneration
  1439 | D:2      | Found a faded altar of an unknown god.
  1445 | D:2      | Noticed Terence
  1469 | D:2      | Gained mutation: You are agile. (Dex +2) [potion of
                  | mutation]
  1469 | D:2      | Gained mutation: You possess an exceptional clarity of
                  | mind. [potion of mutation]
  1491 | D:2      | Killed Terence
  1492 | D:2      | Reached XP level 4. HP: 22/38 MP: 7/7
  1549 | D:2      | Learned a level 3 spell: Spectral Weapon
  1792 | D:2      | Found a hide-covered altar of Uskayaw.
  1945 | D:3      | Found a bloodstained altar of Trog.
  2006 | D:3      | Reached XP level 5. HP: 45/45 MP: 8/8
  2314 | D:3      | Reached XP level 6. HP: 43/52 MP: 10/10
  2578 | D:3      | Reached skill level 5 in Maces & Flails
  3106 | D:4      | Reached skill level 1 in Necromancy
  3120 | D:4      | Reached skill level 1 in Hexes
  3229 | D:4      | Reached XP level 7. HP: 59/59 MP: 10/12
  3814 | D:4      | Got a shimmering bronze amulet
  4042 | D:5      | Entered Level 5 of the Dungeon
  4071 | D:4      | Reached skill level 5 in Charms
  4080 | D:4      | Slain by a wight

Skill      XL: |  1  2  3  4  5  6  7 |
---------------+----------------------+-----
Fighting       | 3 4 |  4.0
Armour         | 2 |  2.0
Dodging        | 2 |  2.0
Maces & Flails | 4 5 |  5.0
Spellcasting   | 3 4 |  4.0
Charms         | 4 5 |  5.0
Necromancy     | 1 2 |  2.2
Hexes          | 1 |  1.9

Action                   |  1- 3 |  4- 6 |  7- 9 || total
-------------------------+-------+-------+-------++-------
Melee: Flail             |   133 |   237 |    56 ||   426
 Cast: Infusion          |     7 |     1 |     2 ||    10
       Spectral Weapon   |       |     6 |     1 ||     7
       Regeneration      |       |     1 |     1 ||     2
  Use: Potion            |     3 |       |       ||     3
       Scroll            |       |     3 |     3 ||     6
  Eat: Chunk             |     4 |    12 |     3 ||    19
       Ration            |     1 |       |     1 ||     2
Armor: Leather armour    |    43 |       |       ||    43
       Chain mail        |       |   132 |    24 ||   156
Dodge: Dodged            |   125 |   119 |    20 ||   264
